[Event "Titled Tuesday Blitz July 18 Early 2023"]
[White "Leiva, Gianmarco"]
[Black "Tasdogen, Dincer"]
[WhiteFideId "3804399"]
[BlackFideId "6367097"]
[WhiteElo "2740"]
[BlackElo "2947"]
[Result "1/2-1/2"]
[Round "7"]
[TimeControl "180+2"]
[Date "2023.07.18"]
[WhiteClock "0:00:03"]
[BlackClock "0:00:08"]
[Board "12"]

1. d4 g6 2. e4 Bg7 3. c3 d6 4. Nf3 Nf6 5. Bd3 O-O 6. O-O Nc6 7. h3 e5 8. Re1 Re8 9. Na3 a6 10. Nc2 d5 11. Nxe5 Nxe5 12. dxe5 Nxe4 13. Bxe4 dxe4 14. Qxd8 Rxd8 15. Bf4 Re8 16. Rxe4 Bf5 17. Re2 Bxc2 18. Rxc2 Bxe5 19. Bxe5 Rxe5 20. Kf1 Rd8 21. Re1 Red5 22. Re7 Rc8 23. g4 Kf8 24. Rce2 h5 25. Kg2 b5 26. Kg3 a5 27. f3 a4 28. gxh5 Rxh5 29. Rd7 Rf5 30. Ree7 c6 31. b4 axb3 32. axb3 Ra8 33. Re3 Ra3 34. b4 Ra2 35. h4 c5 36. bxc5 Rxc5 37. Ree7 Rf5 38. Rb7 Ra3 39. Rec7 Kg7 40. Kg4 Ra4+ 41. Kg3 Raf4 42. Rxb5 Rxf3+ 43. Kg2 Rf2+ 44. Kg1 R5f4 45. Rg5 Rf1+ 46. Kg2 R4f2+ 47. Kg3 Rc2 48. Rc4 Rfc1 49. h5 Rxc3+ 50. Rxc3 Rxc3+ 51. Kf2 Kh6 52. Ra5 g5 53. Rf5 Rc7 54. Rf6+ Kxh5 55. Kg3 Rc3+ 56. Kg2 Rc2+ 57. Kg3 Rc3+ 58. Kg2 Rc7 59. Kg3 Re7 60. Kf3 Rb7 61. Kg3 Rb3+ 62. Kg2 Kg4 63. Rxf7 Rb2+ 64. Kf1 Kg3 65. Ra7 g4 66. Ra3+ Kh2 67. Ra1 g3 68. Ra8 Rb1+ 69. Ke2 g2 70. Rh8+ Kg1 71. Rg8 Rb6 72. Rg7 Rf6 73. Rg8 Rf4 74. Rg6 Kh2 75. Rh6+ Kg3 76. Rg6+ Rg4 77. Rxg4+ Kxg4 78. Kf2 Kh3 79. Kg1 Kg3 1/2-1/2


[Site "https://www.chess.com"]

[Event "Titled Tuesday Blitz July 18 Early 2023"]
[White "Jones, Gawain C B"]
[Black "Basso, Pier Luigi"]
[WhiteFideId "409561"]
[BlackFideId "866970"]
[WhiteElo "2936"]
[BlackElo "2720"]
[Result "0-1"]
[Round "7"]
[TimeControl "180+2"]
[Date "2023.07.18"]
[WhiteClock "0:00:06"]
[BlackClock "0:00:46"]
[Board "13"]

1. Nf3 d5 2. c4 c6 3. g3 Bg4 4. Bg2 e6 5. Qb3 Qb6 6. d3 Nd7 7. Be3 Bc5 8. Bxc5 Nxc5 9. Qc3 Bxf3 10. Bxf3 Nf6 11. b4 Ncd7 12. a4 a5 13. b5 O-O 14. Na3 d4 15. Qb2 c5 16. O-O Rad8 17. Nb1 Qc7 18. Nd2 b6 19. Rae1 Ne5 20. Bg2 Ne8 21. h3 Nd6 22. f4 Ng6 23. g4 f5 24. e3 dxe3 25. Rxe3 fxg4 26. hxg4 Nxf4 27. Nf3 Nf7 28. Rd1 h6 29. Bf1 Ng5 30. Nxg5 hxg5 31. Qe5 Qxe5 32. Rxe5 Kf7 33. Re3 Rh8 34. Bg2 Rh4 35. Be4 Rxg4+ 36. Kf2 Rh8 37. d4 Rh2+ 38. Kf3 Rgh4 39. Bc6 Nh5 40. Re4 R4h3+ 41. Kg4 Rg3# 0-1


[Site "https://www.chess.com"]

[Event "Titled Tuesday Blitz July 18 Early 2023"]
[White "Liyanage, Ranindu Dilshan"]
[Black "Demidov, Mikhail"]
[WhiteFideId "9915834"]
[BlackFideId "4197143"]
[WhiteElo "2718"]
[BlackElo "2921"]
[Result "0-1"]
[Round "7"]
[TimeControl "180+2"]
[Date "2023.07.18"]
[WhiteClock "0:00:01"]
[BlackClock "0:00:05"]
[Board "14"]

1. e4 Nf6 2. e5 Nd5 3. d4 d6 4. Nf3 Nb6 5. Be2 g6 6. O-O Bg7 7. Bf4 O-O 8. Nc3 Nc6 9. exd6 cxd6 10. h3 Bf5 11. Qd2 Rc8 12. Bh6 e5 13. Bxg7 Kxg7 14. dxe5 dxe5 15. Qe3 Qe7 16. Bb5 f6 17. Bxc6 Rxc6 18. Nd4 Rd6 19. Nxf5+ gxf5 20. Nb5 Rd5 21. a4 f4 22. Qb3 a6 23. Nc3 Rd6 24. Ne4 Rc6 25. Rad1 f5 26. Nc3 Rg6 27. a5 Qg5 28. g3 fxg3 29. f4 Qh4 30. Kg2 Nc8 31. Qxb7+ Kh8 32. Qd5 exf4 33. Qe5+ Kg8 34. Rxf4 Qe7 35. Qd5+ Kh8 36. Qd4+ Kg8 37. Qd5+ Qe6 38. Qxe6+ Rxe6 39. Rd5 Ne7 40. Rd3 Ng6 41. Rxg3 Re5 42. Rd4 Rxa5 43. Rd5 Ra1 44. Rf3 Nh4+ 45. Kg3 Nxf3 46. Kxf3 Rc1 47. Rd2 Rb8 48. b3 Rc8 49. Nd5 R8xc2 50. Rd4 Rb1 51. Kf4 Rxb3 52. Kxf5 Kf7 53. Nf4 Rb5+ 54. Kg4 Rc7 55. Rd6 a5 56. Rh6 Kg7 57. Rh4 Rb4 58. Rh5 Rcc4 0-1


[Site "https://www.chess.com"]

[Event "Titled Tuesday Blitz July 18 Early 2023"]
[White "Antipov, Mikhail Al."]
[Black "Koshulyan, Egor A."]
[WhiteFideId "4107012"]
[BlackFideId "24237000"]
[WhiteElo "2909"]
[BlackElo "2696"]
[Result "1-0"]
[Round "7"]
[TimeControl "180+2"]
[Date "2023.07.18"]
[WhiteClock "0:00:15"]
[BlackClock "0:00:04"]
[Board "15"]

1. e4 c5 2. Nf3 Nc6 3. Bb5 g5 4. Nxg5 Nf6 5. Bc4 Ne5 6. Be2 Rg8 7. d3 d6 8. f4 Nc6 9. O-O Nd4 10. Bh5 Nxh5 11. Qxh5 Rg7 12. Rf2 h6 13. Qxh6 Bg4 14. h3 Ne2+ 15. Kh2 Nxc1 16. hxg4 Rg6 17. Qxg6 fxg6 18. Nc3 Qd7 19. Kg3 e5 20. fxe5 Bh6 21. Nf7 Be3 22. Rf6 dxe5 23. Nd5 Bf4+ 24. Kf3 Rc8 25. Nd6+ Qxd6 26. Rxd6 c4 27. Nxf4 exf4 28. Rxc1 cxd3 29. Rxd3 Rc6 30. c4 Ra6 31. a3 Rb6 32. b4 g5 33. c5 1-0


[Site "https://www.chess.com"]

[Event "Titled Tuesday Blitz July 18 Early 2023"]
[White "Galchenko, Matvey"]
[Black "Zaragatski, Ilja"]
[WhiteFideId "24175480"]
[BlackFideId "4655192"]
[WhiteElo "2877"]
[BlackElo "2634"]
[Result "1-0"]
[Round "7"]
[TimeControl "180+2"]
[Date "2023.07.18"]
[WhiteClock "0:00:10"]
[BlackClock "0:00:00"]
[Board "16"]

1. f4 d5 2. Nf3 Nf6 3. g3 e6 4. Bg2 Be7 5. O-O c5 6. d3 b5 7. a4 b4 8. c3 a5 9. e4 dxe4 10. dxe4 Ba6 11. Qxd8+ Bxd8 12. Re1 Nc6 13. e5 Nd5 14. Nbd2 bxc3 15. Ne4 cxb2 16. Bxb2 O-O 17. Nd6 Rb8 18. Ba3 Ncb4 19. Rec1 Nd3 20. Rc2 Bb6 21. Nc4 Bxc4 22. Rxc4 Ne3 23. Rc3 c4 24. Bxf8 Kxf8 25. Rxd3 cxd3 26. Kh1 Rc8 27. Rb1 Nc4 28. Bf1 d2 29. Bxc4 Rxc4 30. Nxd2 Rc6 31. Ne4 Ke7 32. Nd6 Bc7 33. Rb7 f6 34. Nb5 Kd8 35. exf6 gxf6 36. Ra7 Bb6 37. Rxh7 Rc4 38. Rf7 f5 39. h4 Rxa4 40. h5 Rb4 41. Nd6 Rd4 42. Nb7+ Kc8 43. h6 Rd1+ 44. Kg2 a4 45. h7 Bd4 46. Nd6+ Kd8 47. Nb5 Bb2 48. Ra7 Rd2+ 49. Kf3 a3 50. Nxa3 Rd3+ 51. Ke2 Rxg3 52. Nc4 Bc3 53. Ne5 Bxe5 54. fxe5 Rh3 55. h8=Q+ Rxh8 56. Ra8+ Kd7 57. Rxh8 Kc6 58. Ke3 Kd5 59. Kf4 Kd4 60. Re8 1-0


[Site "https://www.chess.com"]

[Event "Titled Tuesday Blitz July 18 Early 2023"]
[White "Bendayan Claros, Aaron"]
[Black "Bacrot, Etienne"]
[WhiteFideId "3803392"]
[BlackFideId "605506"]
[WhiteElo "2486"]
[BlackElo "2859"]
[Result "0-1"]
[Round "7"]
[TimeControl "180+2"]
[Date "2023.07.18"]
[WhiteClock "0:00:00"]
[BlackClock "0:00:07"]
[Board "17"]

1. d4 d5 2. Nf3 Nf6 3. e3 e6 4. Bd3 b6 5. Nbd2 Bb7 6. b3 Nbd7 7. Bb2 Ne4 8. O-O f5 9. Ne5 Nxe5 10. dxe5 Nxd2 11. Qxd2 Be7 12. f4 c5 13. Bb5+ Kf7 14. Be2 Qc7 15. Bf3 a5 16. c4 Rhd8 17. cxd5 Bxd5 18. Qe2 Qc6 19. Rae1 Be4 20. Rd1 g6 21. Rxd8 Rxd8 22. Rd1 Bxf3 23. gxf3 Rxd1+ 24. Qxd1 c4 25. bxc4 Qxc4 26. Qb3 Qxb3 27. axb3 Ke8 28. Kf2 Kd7 29. Ke2 Kc6 30. Kd3 b5 31. Bc3 b4 32. Bd4 Kb5 33. e4 Bc5 34. Bb2 Bg1 35. h3 Bh2 36. Bc1 Bg3 37. Bd2 a4 38. bxa4+ Kxa4 39. Kc4 b3 40. Bc1 Bxf4 41. Bb2 Be3 42. exf5 gxf5 43. Kd3 Bc5 44. Kc3 Ba3 45. Ba1 h5 46. f4 Bc1 47. Kc4 Be3 48. Bb2 h4 49. Ba1 Ka3 0-1


[Site "https://www.chess.com"]

[Event "Titled Tuesday Blitz July 18 Early 2023"]
[White "Theodorou, Nikolas"]
[Black "Mogirzan, Matei-Valeriu"]
[WhiteFideId "4262875"]
[BlackFideId "1257455"]
[WhiteElo "3076"]
[BlackElo "2582"]
[Result "1-0"]
[Round "7"]
[TimeControl "180+2"]
[Date "2023.07.18"]
[WhiteClock "0:01:20"]
[BlackClock "0:00:02"]
[Board "18"]

1. Nf3 Nc6 2. d4 Nf6 3. c4 e6 4. g3 d5 5. Bg2 Bb4+ 6. Nbd2 O-O 7. O-O b6 8. a3 Bxd2 9. Bxd2 Bb7 10. Rc1 Ne4 11. Bf4 dxc4 12. Rxc4 Nd6 13. Rc1 Ne7 14. Qc2 Nd5 15. Bg5 f6 16. Bd2 f5 17. Ne5 Nb5 18. e3 Rc8 19. Qb3 a6 20. a4 Nd6 21. Nc6 Bxc6 22. Rxc6 Ne4 23. Bxe4 fxe4 24. Rxe6 c6 25. Rxe4 Kh8 26. Rh4 Qg5 27. Qd3 h6 28. e4 Qg6 29. Qb1 Nf6 30. e5 Qxb1 31. Rxb1 Nd5 32. Rc1 b5 33. axb5 cxb5 34. Re4 Rxc1+ 35. Bxc1 Rc8 36. Re1 Rc2 37. e6 Ne7 38. b3 b4 39. Bf4 Kh7 40. Bd6 Nc8 41. Bxb4 Rb2 42. e7 Nxe7 43. Bxe7 Rxb3 44. Bc5 Rd3 45. Ra1 Kg6 46. Rxa6+ Kf5 47. Ra7 g5 48. Kg2 Rd2 49. Rh7 Kg4 50. Rxh6 Kf5 51. h3 g4 52. Rh5+ Ke4 53. hxg4 Rd1 54. Re5+ Kd3 55. g5 1-0


[Site "https://www.chess.com"]

[Event "Titled Tuesday Blitz July 18 Early 2023"]
[White "Bluebaum, Matthias"]
[Black "Ozen, Bahadir"]
[WhiteFideId "24651516"]
[BlackFideId "6337058"]
[WhiteElo "3014"]
[BlackElo "2840"]
[Result "1-0"]
[Round "7"]
[TimeControl "180+2"]
[Date "2023.07.18"]
[WhiteClock "0:01:40"]
[BlackClock "0:00:39"]
[Board "19"]

1. d4 g6 2. c4 Bg7 3. e4 Nc6 4. Nf3 d6 5. d5 Ne5 6. Nxe5 Bxe5 7. Nc3 Bg7 8. Be2 Nf6 9. O-O O-O 10. Be3 e6 11. dxe6 Bxe6 12. f3 Nd7 13. Qd2 f5 14. exf5 Rxf5 15. f4 Rf8 16. Ne4 Kh8 17. Ng5 Bg8 18. Rae1 Qf6 19. b3 Qc3 20. Bg4 Qxd2 21. Bxd2 Nf6 22. Be6 Rae8 23. Bxg8 Kxg8 24. Ne6 Rf7 25. Nxg7 Rxe1 26. Rxe1 Kxg7 27. Bc3 Kf8 28. g3 Ng8 29. Kf2 Ne7 30. Kf3 h5 31. Re6 Kg8 32. h3 Kh7 33. g4 hxg4+ 34. hxg4 b6 35. Bf6 Ng8 36. Bg5 Kg7 37. Ke4 a5 38. Kd5 Nh6 39. Bxh6+ Kxh6 40. f5 1-0


[Site "https://www.chess.com"]

[Event "Titled Tuesday Blitz July 18 Early 2023"]
[White "Shimanov, Aleksandr"]
[Black "Kosteniuk, Alexandra"]
[WhiteFideId "4198603"]
[BlackFideId "4128125"]
[WhiteElo "2994"]
[BlackElo "2796"]
[Result "0-1"]
[Round "7"]
[TimeControl "180+2"]
[Date "2023.07.18"]
[WhiteClock "0:00:00"]
[BlackClock "0:00:14"]
[Board "20"]

1. e4 e5 2. Bb5 c6 3. Ba4 Nf6 4. Qe2 d6 5. c3 g6 6. Nf3 Bg7 7. O-O O-O 8. d3 Nbd7 9. h3 Nc5 10. Bc2 Ne6 11. Re1 Nh5 12. Be3 f5 13. Na3 Nhf4 14. Qd1 Kh8 15. Kh1 b5 16. Ng1 a5 17. Nb1 fxe4 18. dxe4 d5 19. a4 d4 20. Bd2 d3 21. Bb3 Nc5 22. axb5 cxb5 23. Bxf4 Nxb3 24. Qxb3 Rxf4 25. f3 Bd7 26. Qd5 Be8 27. Qxd8 Rxd8 28. Rxa5 Rf6 29. b4 Rfd6 30. Rd1 d2 31. Ne2 Bf7 32. Ra3 Bh6 33. Kg1 Be3+ 34. Kh2 Bc4 35. Ng1 Bxg1+ 36. Kxg1 Be2 37. Rxd2 Rxd2 38. Nxd2 Rxd2 39. Ra8+ Kg7 40. Ra7+ Kf6 41. Rxh7 Bc4 42. h4 Rd3 43. Rh6 Kg7 0-1


[Site "https://www.chess.com"]

[Event "Titled Tuesday Blitz July 18 Early 2023"]
[White "Movahed, Sina"]
[Black "Morefield, Jason"]
[WhiteFideId "42520835"]
[BlackFideId "30920825"]
[WhiteElo "2992"]
[BlackElo "2762"]
[Result "1-0"]
[Round "7"]
[TimeControl "180+2"]
[Date "2023.07.18"]
[WhiteClock "0:00:17"]
[BlackClock "0:00:01"]
[Board "21"]

1. e4 e5 2. Nf3 Nc6 3. Bb5 Nf6 4. O-O Nxe4 5. Re1 Nd6 6. Nxe5 Be7 7. Bd3 Nxe5 8. Rxe5 O-O 9. Nc3 Re8 10. Nd5 Bf8 11. Rxe8 Nxe8 12. Bf1 c6 13. Nf4 d5 14. d4 Nd6 15. c3 Bf5 16. Bd3 Qd7 17. Be3 Re8 18. Bf1 Ne4 19. Qb3 Bd6 20. Re1 Nf6 21. Qd1 h6 22. h3 Qc7 23. Nh5 Ne4 24. g3 Bg6 25. Bg2 Re7 26. Nf4 Bh7 27. h4 Bf5 28. Nh5 Qd7 29. Bf3 Bg6 30. Nf4 Bf5 31. a4 Qe8 32. Bc1 a5 33. Nh5 Bg6 34. Nf4 Bf5 35. Kg2 Nf6 36. Rxe7 Qxe7 37. Nh5 Nxh5 38. Bxh5 Qe4+ 39. Bf3 Qc2 40. Kg1 Be4 41. Bg4 f5 42. Bh5 Kh7 43. Be2 Be7 44. f3 Qxd1+ 45. Bxd1 Bd3 46. Bf4 Bd8 47. Kf2 g5 48. hxg5 hxg5 49. Be5 Kg6 50. Ke3 Bf1 51. Bc2 Kf7 52. Bxf5 Bc4 53. Bc8 b5 54. Bd7 bxa4 55. Bxc6 Bb3 56. f4 gxf4+ 57. Kxf4 Kg6 58. Be8+ Kh6 59. Kf5 Bg5 60. Bf4 Bxf4 61. Kxf4 Kg7 62. Ke5 Kh6 63. Bc6 Kg5 64. Bd7 Kg6 65. Kd6 Kg5 66. Kc5 Bc4 67. Bxa4 Kg4 68. Bc6 Kxg3 69. Bxd5 1-0


[Site "https://www.chess.com"]

[Event "Titled Tuesday Blitz July 18 Early 2023"]
[White "Weetik, Vjacheslav"]
[Black "Ibarra Jerez, Jose Carlos"]
[WhiteFideId "4153472"]
[BlackFideId "2226332"]
[WhiteElo "2757"]
[BlackElo "2933"]
[Result "0-1"]
[Round "7"]
[TimeControl "180+2"]
[Date "2023.07.18"]
[WhiteClock "0:00:00"]
[BlackClock "0:00:22"]
[Board "22"]

1. d4 Nf6 2. c4 d6 3. Nf3 g6 4. Nc3 Bf5 5. h3 Ne4 6. Nxe4 Bxe4 7. Ng5 Bf5 8. e4 Bd7 9. f4 Bg7 10. Be3 O-O 11. Be2 c5 12. dxc5 dxc5 13. e5 Nc6 14. O-O b6 15. Bg4 Bxg4 16. Qxg4 Qc8 17. Qh4 h6 18. Ne4 Qe6 19. b3 f6 20. exf6 Qxe4 21. fxg7 Qxe3+ 22. Kh1 Kxg7 23. Rae1 Qc3 24. f5 Rf6 25. fxg6 Raf8 26. Rxf6 Qxf6 27. Qg3 Qf2 28. Qc3+ Qd4 29. Qg3 e5 30. Kh2 Qf4 31. Rd1 Qxg3+ 32. Kxg3 Kxg6 33. Rd6+ Rf6 0-1


[Site "https://www.chess.com"]

[Event "Titled Tuesday Blitz July 18 Early 2023"]
[White "Xu, Yi"]
[Black "Durarbayli, Vasif"]
[WhiteFideId "8605564"]
[BlackFideId "13402935"]
[WhiteElo "2743"]
[BlackElo "2925"]
[Result "0-1"]
[Round "7"]
[TimeControl "180+2"]
[Date "2023.07.18"]
[WhiteClock "0:00:51"]
[BlackClock "0:01:13"]
[Board "23"]

1. e4 c5 2. Nf3 d6 3. Bb5+ Nd7 4. d4 cxd4 5. Nxd4 a6 6. Bd3 Ngf6 7. O-O e6 8. c4 b6 9. Nc3 Bb7 10. Re1 Qc7 11. f3 Be7 12. Bf1 O-O 13. Be3 Rac8 14. Rc1 Rfe8 15. Qd2 Qb8 16. Qf2 Bd8 17. Kh1 Bc7 18. Qg1 h6 19. b4 Ne5 20. Nb3 Ba8 21. Red1 Kh7 22. a3 g5 23. Be2 Rg8 24. Na4 Nfd7 25. c5 bxc5 26. Bxa6 Rcd8 27. b5 Rg6 28. Nb2 Rdg8 29. Nd3 Nxd3 30. Rxd3 g4 31. Qf2 gxf3 32. gxf3 Ne5 33. Rdd1 Rf6 34. Qh4 Rgg6 35. Rg1 Nxf3 36. Rxg6 Nxh4 37. Rxf6 Bxe4+ 38. Kg1 Qg8+ 39. Kf2 Qg2+ 40. Ke1 Nf3+ 41. Kd1 Qf1# 0-1


[Site "https://www.chess.com"]

[Event "Titled Tuesday Blitz July 18 Early 2023"]
[White "Zhigalko, Sergei"]
[Black "Ashraf, Artin"]
[WhiteFideId "13502956"]
[BlackFideId "22514805"]
[WhiteElo "2883"]
[BlackElo "2736"]
[Result "1-0"]
[Round "7"]
[TimeControl "180+2"]
[Date "2023.07.18"]
[WhiteClock "0:01:23"]
[BlackClock "0:00:54"]
[Board "24"]

1. e4 c5 2. Nf3 d6 3. d4 cxd4 4. Qxd4 Nf6 5. Nc3 a6 6. Bc4 Nc6 7. Qd3 e6 8. Bf4 Qc7 9. O-O-O b5 10. Bb3 b4 11. Na4 e5 12. Be3 Be6 13. Nb6 Rb8 14. Nd5 Qa5 15. Ng5 Bxd5 16. exd5 Nd8 17. f4 Nb7 18. Rhe1 Be7 19. fxe5 dxe5 20. Nxf7 O-O 21. d6 1-0


[Site "https://www.chess.com"]

[Event "Titled Tuesday Blitz July 18 Early 2023"]
[White "Zemlyanskii, Ivan"]
[Black "Panesar Vedant"]
[WhiteFideId "24249971"]
[BlackFideId "35033018"]
[WhiteElo "2880"]
[BlackElo "2729"]
[Result "1-0"]
[Round "7"]
[TimeControl "180+2"]
[Date "2023.07.18"]
[WhiteClock "0:00:04"]
[BlackClock "0:00:10"]
[Board "25"]

1. d4 Nf6 2. c4 g6 3. h4 Bg7 4. Nc3 d6 5. e4 e5 6. d5 a5 7. Be2 h5 8. Bg5 Na6 9. f3 Nc5 10. Nh3 Bxh3 11. Rxh3 Qd7 12. Qd2 b6 13. Rh1 Ng8 14. O-O-O Bh6 15. f4 f6 16. Bxh6 Nxh6 17. fxe5 dxe5 18. Rdf1 Qg7 19. Rh3 O-O-O 20. Rg3 Qf7 21. b3 Kb7 22. Kb2 f5 23. Rg5 Qf6 24. exf5 Nxf5 25. Bd3 e4 26. Bc2 Rhe8 27. Kb1 e3 28. Qe1 e2 29. Rf2 Qxc3 30. Qxc3 e1=Q+ 31. Qxe1 Rxe1+ 32. Kb2 Nd4 33. Rxg6 Nxc2 34. Kxc2 Re4 35. g3 Rde8 36. Rgf6 Re3 37. R6f3 Rxf3 38. Rxf3 Re2+ 39. Kc3 Rxa2 40. Rf7 Rg2 41. Rg7 Rxg3+ 42. Rxg3 Ne4+ 43. Kd4 Nxg3 44. Ke5 b5 45. cxb5 Kb6 46. Kf4 Ne2+ 47. Kg5 Kxb5 48. Kxh5 Nf4+ 49. Kg5 Nxd5 50. h5 Nc3 51. h6 Kb4 52. h7 Kxb3 53. h8=Q c5 54. Qb8+ Kc4 55. Qa7 Kb4 56. Kf4 Nb5 57. Qa6 a4 58. Ke3 a3 59. Kd2 c4 60. Kc2 Nd4+ 61. Kb1 c3 62. Qd6+ Kc4 63. Qxa3 Kd3 64. Kc1 Ne2+ 65. Kd1 Nd4 66. Qa6+ Ke3 67. Qc4 c2+ 68. Kc1 Ke4 69. Kd2 Ke5 70. Kd3 Nf3 71. Kxc2 1-0


[Site "https://www.chess.com"]

[Event "Titled Tuesday Blitz July 18 Early 2023"]
[White "Matinian, Nikita"]
[Black "Donchenko, Alexander"]
[WhiteFideId "24129100"]
[BlackFideId "24603295"]
[WhiteElo "2720"]
[BlackElo "2865"]
[Result "1/2-1/2"]
[Round "7"]
[TimeControl "180+2"]
[Date "2023.07.18"]
[WhiteClock "0:00:14"]
[BlackClock "0:00:25"]
[Board "26"]

1. e4 c6 2. d4 d5 3. e5 Bf5 4. Nf3 e6 5. Be2 Ne7 6. O-O c5 7. c4 Nbc6 8. Nc3 Nxd4 9. Nxd4 cxd4 10. Nb5 Nc6 11. cxd5 exd5 12. Nxd4 Nxd4 13. Qxd4 Be7 14. Bb5+ Bd7 15. Qxd5 a6 16. Bxd7+ Qxd7 17. Qxd7+ Kxd7 18. Be3 Ke6 19. f4 g6 20. Rac1 Rac8 21. Kf2 h5 22. Kf3 f6 23. exf6 Bxf6 24. b3 Rhd8 25. Rxc8 Rxc8 26. Rc1 Rxc1 27. Bxc1 Kd5 28. g3 Be7 29. Bb2 Bd8 30. h3 Be7 31. g4 hxg4+ 32. hxg4 Ke6 33. Ke4 Bc5 34. f5+ gxf5+ 35. gxf5+ Kf7 36. Kd5 Bb4 37. Be5 Ba3 38. Bd6 Bc1 39. Be5 Ba3 40. Bd4 Bf8 41. a4 Be7 42. Bc5 Bh4 43. Kd6 Be7+ 44. Kd5 Bh4 45. Bb6 Be7 46. Bd4 Ba3 47. Bc3 Bf8 48. b4 Be7 49. a5 Bf8 50. Kc4 Bd6 51. b5 axb5+ 52. Kxb5 Bc7 53. Bd4 Bd8 54. Bb6 Bg5 55. Bc7 Be3 56. Bd8 Bf2 57. Kc4 Be1 58. Kd5 Bd2 59. Kd4 Be1 60. Ke4 Bd2 61. Bb6 Be1 62. Ke5 Bc3+ 63. Kd5 Bd2 64. Bd8 Be1 65. Ke5 Bc3+ 66. Kf4 Bd2+ 67. Kg4 Be1 68. f6 Bxa5 69. Bxa5 Kxf6 70. Kf4 b6 71. Bxb6 1/2-1/2


[Site "https://www.chess.com"]

[Event "Titled Tuesday Blitz July 18 Early 2023"]
[White "Fridman, Daniel"]
[Black "Aldokhin, Ivan"]
[WhiteFideId "11600454"]
[BlackFideId "24115720"]
[WhiteElo "2865"]
[BlackElo "2675"]
[Result "1-0"]
[Round "7"]
[TimeControl "180+2"]
[Date "2023.07.18"]
[WhiteClock "0:00:52"]
[BlackClock "0:00:04"]
[Board "27"]

1. d4 Nf6 2. Nf3 g6 3. c4 Bg7 4. g3 O-O 5. Bg2 d6 6. O-O Nbd7 7. Nc3 e5 8. e4 exd4 9. Nxd4 Re8 10. h3 a6 11. Re1 Rb8 12. b3 Ne5 13. Be3 c5 14. Nde2 b5 15. f4 Ned7 16. Qxd6 b4 17. Na4 Nxe4 18. Bxe4 Rxe4 19. Rad1 Qe8 20. Nxc5 Nxc5 21. Bxc5 Bxh3 22. Kf2 Bg4 23. Nd4 Bxd4+ 24. Bxd4 Re2+ 25. Kf1 Bh3+ 26. Kg1 Rxe1+ 27. Rxe1 Qxe1+ 28. Kh2 Re8 29. Be5 Qf1 30. Qc6 Be6 31. Qxe8# 1-0


[Site "https://www.chess.com"]

[Event "Titled Tuesday Blitz July 18 Early 2023"]
[White "Timofeev, Artyom"]
[Black "Ahmad, Khagan"]
[WhiteFideId "4140419"]
[BlackFideId "13431552"]
[WhiteElo "2849"]
[BlackElo "2620"]
[Result "1-0"]
[Round "7"]
[TimeControl "180+2"]
[Date "2023.07.18"]
[WhiteClock "0:00:28"]
[BlackClock "0:00:00"]
[Board "28"]

1. c4 Nf6 2. Nc3 e5 3. e3 Bb4 4. Nge2 O-O 5. a3 Be7 6. b4 c6 7. d4 e4 8. d5 cxd5 9. cxd5 d6 10. Nd4 Nbd7 11. Be2 Ne5 12. h3 Re8 13. O-O Bf8 14. Bb2 Bd7 15. Rc1 Rc8 16. Qb3 a6 17. a4 g6 18. b5 a5 19. Ba3 h6 20. b6 Nh5 21. Nxe4 Qh4 22. f4 Rxc1 23. Bxc1 Nc4 24. Bxh5 gxh5 25. Nf2 Nxe3 26. Bxe3 Bg7 27. Nf3 Qg3 28. Bd4 Re2 29. Qd1 Bxh3 30. Nh4 Bxd4 31. Qxd4 Qxh4 32. Nxh3 Qg3 33. Nf2 h4 34. Rc1 h3 35. Rc8+ Kh7 36. Rh8+ Kg6 37. Rg8+ 1-0


[Site "https://www.chess.com"]

[Event "Titled Tuesday Blitz July 18 Early 2023"]
[White "Onufrienko, Vladislav"]
[Black "Bortnyk, Olexandr"]
[WhiteFideId "13804332"]
[BlackFideId "14120828"]
[WhiteElo "2621"]
[BlackElo "3018"]
[Result "0-1"]
[Round "7"]
[TimeControl "180+2"]
[Date "2023.07.18"]
[WhiteClock "0:00:07"]
[BlackClock "0:01:36"]
[Board "29"]

1. d4 d6 2. e4 Nf6 3. Nc3 Nbd7 4. f4 e5 5. Nf3 exd4 6. Qxd4 c6 7. Qe3 Qb6 8. Bd3 Nc5 9. O-O Ng4 10. Qd4 Nxd3 11. Qxb6 axb6 12. cxd3 Be7 13. h3 Nf6 14. Be3 b5 15. a3 O-O 16. Nd4 Rd8 17. g4 Bf8 18. Rad1 Nd7 19. Nf3 Nc5 20. d4 Na4 21. Nxa4 Rxa4 22. Bd2 Be6 23. Bc3 Re8 24. Rfe1 Bb3 25. Rd2 f6 26. e5 Bd5 27. Kf2 dxe5 28. fxe5 fxe5 29. Nxe5 Be7 30. Kg3 Bd6 31. Rde2 Rf8 32. Rf2 Rxf2 33. Kxf2 b4 34. axb4 Bxb4 35. Nd3 Bd6 36. Nc5 Ra7 37. Nd7 b5 38. Ne5 b4 39. Bd2 Ra2 40. Bc1 b3 41. Nd3 Bc4 42. Ne5 Bb5 43. Kg1 Bb4 44. Re3 Ra1 45. Nd3 Bxd3 46. Rxd3 Rxc1+ 47. Kg2 Rc2+ 0-1


[Site "https://www.chess.com"]

[Event "Titled Tuesday Blitz July 18 Early 2023"]
[White "Golubev, Mikhail"]
[Black "Aravindh, Chithambaram VR."]
[WhiteFideId "14100983"]
[BlackFideId "5072786"]
[WhiteElo "2610"]
[BlackElo "2942"]
[Result "0-1"]
[Round "7"]
[TimeControl "180+2"]
[Date "2023.07.18"]
[WhiteClock "0:00:00"]
[BlackClock "0:01:48"]
[Board "30"]

1. e4 c6 2. d4 d5 3. e5 c5 4. dxc5 Nc6 5. f4 Bf5 6. Nf3 e6 7. Be3 Nh6 8. c3 Ng4 9. Bg1 h5 10. Na3 a6 11. Nc2 Be7 12. Ncd4 Be4 13. Nb3 g5 14. h3 Nh6 15. fxg5 Bxg5 16. Nxg5 Qxg5 17. Qd2 Qxe5 18. O-O-O Nf5 19. Bh2 Ng3 20. Nd4 h4 21. Nxc6 bxc6 22. Bd3 f5 23. Qg5 Kf7 24. Bxe4 Rag8 25. Bxg3 Qxe4 26. Qf4 Rxg3 27. Qc7+ Kf6 28. Rhe1 Re3 29. Rxe3 Qxe3+ 0-1


[Site "https://www.chess.com"]

[Event "Titled Tuesday Blitz July 18 Early 2023"]
[White "Anton Guijarro, David"]
[Black "Sanchez Alvares, Kelvin Antonio"]
[WhiteFideId "2285525"]
[BlackFideId "3906680"]
[WhiteElo "2918"]
[BlackElo "2610"]
[Result "1-0"]
[Round "7"]
[TimeControl "180+2"]
[Date "2023.07.18"]
[WhiteClock "0:00:27"]
[BlackClock "0:00:04"]
[Board "31"]

1. Nf3 Nf6 2. b3 e6 3. Bb2 Be7 4. g3 O-O 5. Bg2 b6 6. c4 Bb7 7. O-O c5 8. Nc3 d6 9. Re1 a6 10. e4 Qc7 11. Rc1 Nbd7 12. d4 cxd4 13. Nxd4 Rac8 14. f4 Qb8 15. g4 Rfd8 16. g5 Ne8 17. Qg4 Nf8 18. f5 d5 19. exd5 Bc5 20. fxe6 fxe6 21. Kh1 exd5 22. Nxd5 Ng6 23. Ne6 Rd6 24. Nxc5 bxc5 25. h4 Rcd8 26. h5 Nf8 27. Re7 R8d7 28. Rce1 Rxe7 29. Rxe7 Qd8 30. Qf4 Nf6 31. gxf6 gxf6 32. Qg3+ Ng6 33. hxg6 Ba8 1-0


[Site "https://www.chess.com"]

[Event "Titled Tuesday Blitz July 18 Early 2023"]
[White "Karttunen, Mika"]
[Black "Vokhidov, Shamsiddin"]
[WhiteFideId "502081"]
[BlackFideId "14204223"]
[WhiteElo "2609"]
[BlackElo "2916"]
[Result "1-0"]
[Round "7"]
[TimeControl "180+2"]
[Date "2023.07.18"]
[WhiteClock "0:00:22"]
[BlackClock "0:01:39"]
[Board "32"]

1. e4 c5 2. Nf3 Nc6 3. Bb5 g6 4. Bxc6 bxc6 5. d3 Bg7 6. Nc3 e5 7. h4 h6 8. Be3 d6 9. Nd2 f5 10. exf5 gxf5 11. Qh5+ Kf8 12. f4 Nf6 13. Qf3 Ng4 14. O-O-O Nxe3 15. Qxe3 Rb8 16. fxe5 Bxe5 17. Nc4 Bd4 18. Qf4 Be6 19. g4 d5 20. gxf5 Bf7 21. Ne5 Rxb2 22. Kxb2 Qb6+ 23. Kc1 Bxc3 24. Nd7+ 1-0


[Site "https://www.chess.com"]

[Event "Titled Tuesday Blitz July 18 Early 2023"]
[White "Gholami Orimi, Mahdi"]
[Black "Leon Oquendo, Jorge"]
[WhiteFideId "12558486"]
[BlackFideId "3514803"]
[WhiteElo "2912"]
[BlackElo "2607"]
[Result "1-0"]
[Round "7"]
[TimeControl "180+2"]
[Date "2023.07.18"]
[WhiteClock "0:00:05"]
[BlackClock "0:00:02"]
[Board "33"]

1. Nf3 d5 2. g3 c5 3. Bg2 g6 4. d4 Bg7 5. dxc5 Nf6 6. c4 O-O 7. cxd5 Qa5+ 8. Nc3 Nxd5 9. Qxd5 Bxc3+ 10. Bd2 Bxd2+ 11. Qxd2 Qxc5 12. Rc1 Qb6 13. O-O Nc6 14. Rc3 Be6 15. Ng5 Rad8 16. Qf4 Qxb2 17. Qh4 h5 18. Re3 Bxa2 19. g4 Rd4 20. f4 Qb6 21. gxh5 Rd1 22. Rxd1 Qxe3+ 23. Kh1 Qxe2 24. Ra1 gxh5 25. Bf3 Qb2 26. Rg1 Rd8 27. Ne6+ 1-0


[Site "https://www.chess.com"]